 Dungeon Sprint DCSS version 0.21-b1-15-gfba53cd (webtiles) character file.

3866 sanboga the Fighter (level 10, 0/111 HPs)
             Began as a Gargoyle Berserker on Jan 3, 2018.
             Was the Champion of Trog.
             Slain by a komodo dragon (14 damage)
             ... in the Dungeon (Sprint VII: "The Pits").
             The game lasted 00:09:11 (1748 turns).

sanboga the Fighter (Gargoyle Berserker)            Turns: 1748, Time: 00:09:12

Health: 0/111      AC: 29    Str: 32    XL:     10   Next: 19%
Magic:  16/16      EV: 11    Int: 14    God:    Trog [******]
Gold:   0          SH:  0    Dex:  9    Spells: 9/9 levels left

rFire    . . .     SeeInvis .   q - +6 Majin-Bo {vamp, Archmagi MP+6 Int+6}
rCold    . . .     Gourm    .   (shield currently unavailable)
rNeg     + . .     Faith    .   r - +3 plate armour
rPois    ∞         Spirit   .   (no helmet)
rElec    +         Reflect  .   m - +0 cloak (curse)
rCorr    .         Harm     .   (no gloves)
MR       .....     NoTele   +   (no boots)
Stlth    ..........             (no amulet)
HPRegen  0.28/turn              p - +3 ring of protection
MPRegen  0.15/turn              b - +3 ring of strength

@: berserking (expiring), vulnerable, very quick
A: negative energy resistance 1, electricity resistance, unbreathing,
petrification resistance, rot immunity, AC +7
a: Berserk, Trog's Hand, Brothers in Arms, Burn Spellbooks, Renounce Religion


You were in the Dungeon.
You worshipped Trog.
Trog was exalted by your worship.
You were very hungry.

You visited 1 branch

Inventory:

Hand Weapons
 a - a +2 war axe of venom
 n - a +1 antimagic broad axe
 q - the +6 Majin-Bo (weapon) {vamp, Archmagi MP+6 Int+6}
   (You found it in the Dungeon)

   It inflicts no extra harm, but heals its wielder when it wounds a living foe.
   It affects your intelligence (+6).
   It affects your magic capacity (+6).
Armour
 m - a cursed +0 cloak (worn)
 r - a +3 plate armour (worn)
Jewellery
 b - a +3 ring of strength (right hand)
 p - a +3 ring of protection (left hand)
Scrolls
 i - a scroll of blinking
 k - 3 scrolls of remove curse
 l - a scroll of summoning
Potions
 d - 9 potions of curing
 e - 9 potions of heal wounds
 f - 2 potions of haste
 g - 4 potions of magic
 h - 3 potions of berserk rage
 j - 2 potions of invisibility
 o - 2 potions of brilliance
Comestibles
 c - 6 rations


   Skills:
 + Level 13.9 Fighting
 + Level 10.5(10.7) Axes
   Level 3.2(10.2) Maces & Flails
 + Level 9.9(10.1) Staves
 + Level 10.0 Armour
 + Level 6.9 Dodging
 + Level 3.3 Stealth


You had 9 spell levels left.
You didn't know any spells.

Dungeon Overview and Level Annotations

Branches:
Dungeon (1/1)

Altars:
Ashenzari
Cheibriados
Dithmenos
Elyvilon
Fedhas
Gozag
Hepliaklqana
Kikubaaqudgha
Makhleb
Nemelex Xobeh
Okawaru
Qazlal
Ru
Sif Muna
Trog
Uskayaw
Vehumet
Xom
Yredelemnul
Zin
The Shining One
Beogh
Jiyva
Lugonu


Innate Abilities, Weirdness & Mutations

You are resistant to torment.
Your stone body is resilient. (AC +7)
You are immune to poison.
You resist negative energy. (rN+)
You are resistant to electric shocks. (rElec)
You can survive without breathing.
You are immune to petrification.
You are immune to rotting.


Message History

You sock the red devil!
You kill the red devil!
Trog accepts your kill.
Your Armour skill increases to level 10!
The centaur unwields an uncursed shortbow.
The centaur hits you but does no damage.
The wyvern bites you but does no damage.
The hellwing hits you but does no damage.
The hellwing barely misses you.
You bludgeon the centaur!!
The centaur is almost dead.
The demonic crawler hits you but does no damage. x3
The wyvern bites you but does no damage.
You barely miss the centaur.
The centaur is almost dead.
The centaur hits you but does no damage.
The demonic crawler closely misses you. x2
The demonic crawler hits you but does no damage.
The hellwing barely misses you. x2; The komodo dragon bites you!
You die...

################ ###
#..............###..#
##......).......#..# .
####...#)######†..# ..
#..#####)##. ##'## .#.
#....##...#.. #...# ....
'.....#...#...#...#Wo...
'.....'...+.|.'sllg.Yo..
†)....#...#...#4@c#.Y...
#....##...#...#().#..Y.E
#..#####.##.. ##+## #.#Y
#### #+#### .Y. # #. # #


You could see a flayed ghost, a demonic crawler, a hellwing, a komodo dragon, a
wyvern, a centaur, a dream sheep, an orc priest, an orc and a hobgoblin.

Vanquished Creatures
  A death yak (D)
  A phantasmal warrior (D)
  A rime drake (D)
  A red devil (D)
  A tyrant leech (D)
  A bog body (D)
  A snapping turtle (D)
  A wraith (D)
  Grum (D)
  A small abomination (D)
  An acid dragon (D)
  A water moccasin (D)
  A porcupine (D)
  An eye of draining (D)
  An orc warrior (D)
  6 wolves (D)
  A necrophage (D)
  A big kobold (D)
  A bullfrog (D)
  A jelly (D)
  Crazy Yiuf (D)
  2 orc priests (D)
  A worker ant (D)
  A river rat (D)
  2 leopard geckos (D)
  7 orcs (D)
  2 bats (D)
  A giant cockroach (D)
  A goblin (D)
  A hobgoblin (D)
  4 jackals (D)
  2 kobolds (D)
  2 quokkas (D)
  A frilled lizard (D)
  A quokka skeleton (D)
54 creatures vanquished.

Vanquished Creatures (others)
  An orc wizard (D)
1 creature vanquished.

Grand Total: 55 creatures vanquished

Notes
Turn   | Place    | Note
-------+----------+-------------------------------------------
     0 | D        | sanboga the Gargoyle Berserker began the quest for the Orb.
     0 | D        | Reached XP level 1. HP: 14/14 MP: 1/1
    49 | D        | Found a bloodstained altar of Trog.
    49 | D        | Found a deep blue altar of Sif Muna.
    49 | D        | Found a viscous altar of Jiyva.
    49 | D        | Found a hazy altar of Hepliaklqana.
    49 | D        | Found an opulent altar of Gozag.
    50 | D        | Found a glowing golden altar of the Shining One.
    50 | D        | Found a glowing silver altar of Zin.
    50 | D        | Found a basalt altar of Yredelemnul.
    50 | D        | Found a shimmering altar of Xom.
    50 | D        | Found a sacrificial altar of Ru.
    50 | D        | Found a stormy altar of Qazlal.
    50 | D        | Found an iron altar of Okawaru.
    50 | D        | Found a sparkling altar of Nemelex Xobeh.
    50 | D        | Found a burning altar of Makhleb.
    50 | D        | Found a blossoming altar of Fedhas.
    50 | D        | Found a white marble altar of Elyvilon.
    50 | D        | Found a shadowy altar of Dithmenos.
    50 | D        | Found a snail-covered altar of Cheibriados.
    52 | D        | Found a radiant altar of Vehumet.
    52 | D        | Found a corrupted altar of Lugonu.
    52 | D        | Found a roughly hewn altar of Beogh.
    53 | D        | Found a hide-covered altar of Uskayaw.
    53 | D        | Found an ancient bone altar of Kikubaaqudgha.
    53 | D        | Found a shattered altar of Ashenzari.
    72 | D        | Reached ** piety under Trog
    72 | D        | Reached skill level 4 in Fighting
    97 | D        | Noticed a worker ant
   104 | D        | Reached XP level 2. HP: 20/20 MP: 2/2
   109 | D        | Reached skill level 6 in Fighting
   109 | D        | Reached skill level 1 in Axes
   109 | D        | Reached XP level 3. HP: 21/27 MP: 3/3
   245 | D        | Noticed a water moccasin
   246 | D        | Reached *** piety under Trog
   252 | D        | Killed a water moccasin
   252 | D        | Reached skill level 8 in Fighting
   252 | D        | Reached XP level 4. HP: 36/36 MP: 4/4
   252 | D        | Reached XP level 5. HP: 40/40 MP: 5/5
   327 | D        | Noticed a big kobold
   328 | D        | Noticed a necrophage
   328 | D        | Noticed a wolf
   335 | D        | Reached **** piety under Trog
   340 | D        | Reached skill level 9 in Fighting
   340 | D        | Reached skill level 1 in Stealth
   346 | D        | Killed a necrophage
   346 | D        | Reached skill level 10 in Fighting
   346 | D        | Reached skill level 5 in Armour
   346 | D        | Reached skill level 5 in Dodging
   346 | D        | Reached XP level 6. HP: 48/48 MP: 6/6
   355 | D        | Reached skill level 5 in Axes
   365 | D        | Reached XP level 7. HP: 21/53 MP: 7/7
   575 | D        | Reached skill level 11 in Fighting
   841 | D        | Noticed a bog body
   847 | D        | Killed a bog body
   847 | D        | Reached ***** piety under Trog
   933 | D        | Noticed Crazy Yiuf
   937 | D        | Killed Crazy Yiuf
   951 | D        | Received a gift from Trog
   958 | D        | Reached XP level 8. HP: 44/60 MP: 8/8
  1042 | D        | Noticed a snapping turtle
  1048 | D        | Reached skill level 12 in Fighting
  1053 | D        | Killed a snapping turtle
  1053 | D        | Received a gift from Trog
  1085 | D        | Found the +6 Majin-Bo {vamp, Archmagi MP+6 Int+6}
  1226 | D        | Noticed a rime drake
  1226 | D        | Noticed Grum
  1235 | D        | Killed a rime drake
  1235 | D        | Reached skill level 1 in Staves
  1243 | D        | Killed Grum
  1243 | D        | Reached skill level 10 in Axes
  1249 | D        | Reached XP level 9. HP: 62/67 MP: 9/9
  1399 | D        | Noticed a death yak
  1415 | D        | Noticed a tyrant leech
  1424 | D        | Killed a death yak
  1424 | D        | Reached skill level 13 in Fighting
  1433 | D        | Killed a tyrant leech
  1433 | D        | Reached ****** piety under Trog
  1436 | D        | Received a gift from Trog
  1461 | D        | Received a gift from Trog
  1713 | D        | Noticed a red devil
  1722 | D        | Noticed a hellwing
  1724 | D        | Noticed a phantasmal warrior
  1725 | D        | Noticed a komodo dragon
  1726 | D        | Noticed a demonic crawler
  1736 | D        | Noticed a flayed ghost
  1739 | D        | Killed a phantasmal warrior
  1739 | D        | Reached XP level 10. HP: 51/74 MP: 10/10
  1746 | D        | Reached skill level 10 in Armour
  1748 | D        | Slain by a komodo dragon

Skill      XL: |  1  2  3  4  5  6  7  8  9 10 |
---------------+-------------------------------+-----
Fighting       | 4 6 8 10 11 12 13 | 13.9
Dodging        | 2 3 5 6 |  6.9
Axes           | 1 3 4 5 7 10 | 10.5
Armour         | 3 4 5 7 8 9 10 | 10.0
Stealth        | 1 2 3 |  3.3
Staves         | 2 9 |  9.9
Maces & Flails | |  3.2

Action                   |  1- 3 |  4- 6 |  7- 9 | 10-12 || total
-------------------------+-------+-------+-------+-------++-------
Melee: Hand axe          |    23 |    33 |    43 |       ||    99
       Mace              |     1 |       |       |       ||     1
       Quarterstaff      |       |       |   113 |     9 ||   122
       Broad axe         |       |       |     6 |       ||     6
Invok: Berserk           |     2 |     1 |     5 |       ||     8
  Use: Potion            |       |       |     1 |       ||     1
  Eat: Chunk             |       |       |     4 |       ||     4
       Ration            |       |       |     3 |       ||     3
Armor: Animal skin       |     8 |       |       |       ||     8
       Ring mail         |       |    12 |    11 |       ||    23
       Plate armour      |       |       |   165 |    27 ||   192
Dodge: Dodged            |    22 |    19 |   138 |    18 ||   197
